 Dungeon Crawl Stone Soup version 0.24.0-2-g5b39cebb1c (webtiles) character file.

Game seed: 1621550697511978279, levelgen mode: deterministic

368296 mopl the Warrior (level 22, -1/147 HPs)
             Began as a Gargoyle Berserker on Oct 29, 2019.
             Was the Champion of Trog.
             Killed from afar by a deep elf mage (35 damage)
             ... with a bolt of cold
             ... on level 3 of the Vaults on Oct 30, 2019.
             The game lasted 01:53:36 (38506 turns).

mopl the Warrior (Gargoyle Berserker)              Turns: 38506, Time: 01:53:36

Health: -1/147     AC: 52    Str: 24    XL:     22   Next: 60%
Magic:  0/10       EV: 21    Int:  8    God:    Trog [******]
Gold:   1395       SH: 16    Dex: 25    Spells: 21/21 levels left

rFire    + . .     SeeInvis +   a - +5 demon whip "Spellbinder" {antimagic, MR+}
rCold    . . .     Gourm    .   S - +1 shield {rF+}
rNeg     + + +     Faith    .   q - +8 chain mail of Nalol {Dex+5}
rPois    ∞         Spirit   +   V - +2 hat of the Bear Spirit {Spirit, +Rage rN+ MR++}
rElec    +         Reflect  .   C - +2 cloak
rCorr    +         Harm     .   B - +2 pair of gloves
MR       ++++.                  l - +0 pair of boots "Ehabb" {rN+ rCorr Dex+4}
Stlth    ++........             W - amulet of regeneration
HPRegen  0.74/turn              A - +2 ring of protection
MPRegen  0.12/turn              F - ring of see invisible

@: flying
A: big wings, negative energy resistance 1, sense surroundings 1, electricity
resistance, unbreathing, petrification resistance, rot immunity, AC +16
}: 2/15 runes: serpentine, barnacled
a: Stop Flying, Berserk, Trog's Hand, Brothers in Arms, Renounce Religion, Evoke
Berserk Rage


You were on level 3 of the Vaults.
You worshipped Trog.
Trog was exalted by your worship.
You were not hungry.

You visited 7 branches of the dungeon, and saw 37 of its levels.
You also visited: Ice Cave.

You collected 4299 gold pieces.
You spent 2904 gold pieces at shops.

Inventory:

Hand Weapons
 a - the +5 demon whip "Spellbinder" (weapon) {antimagic, MR+}
   (You found it on level 4 of the Dungeon)

   It reduces the magical energy of the wielder, and disrupts the spells and
   magical abilities of those hit.
   Natural abilities and divine invocations are not affected.
   It affects your resistance to hostile enchantments.
Missiles
 h - 15 curare-tipped darts
 u - 18 throwing nets
 x - 128 boomerangs (quivered)
 J - 59 atropa-tipped darts
 K - 33 poisoned darts
 M - 41 javelins
 N - 15 boomerangs of dispersal
Armour
 l - the +0 pair of boots "Ehabb" (worn) {rN+ rCorr Dex+4}
   (You acquired it on level 1 of the Lair of Beasts)

   It affects your dexterity (+4).
   It protects you from negative energy.
   It provides partial protection from all sources of acid and corrosion.
 q - the +8 chain mail of Nalol (worn) {Dex+5}
   (You found it on level 3 of the Elven Halls)

   It affects your dexterity (+5).
 B - a +2 pair of gloves (worn)
 C - a +2 cloak (worn)
 S - a +1 shield of fire resistance (worn)
 V - the +2 hat of the Bear Spirit (worn) {Spirit, +Rage rN+ MR++}
   (You bought it in a shop on level 2 of the Orcish Mines)

   It protects you from negative energy.
   It affects your resistance to hostile enchantments.
   It lets you go berserk.
Jewellery
 b - an uncursed ring of protection from magic
 A - a +2 ring of protection (left hand)
 F - a ring of see invisible (right hand)
 W - an amulet of regeneration (around neck)
Wands
 d - a wand of polymorph (26)
 i - a wand of iceblast (10)
 t - a wand of acid (27)
 w - a wand of paralysis (27)
 y - a wand of enslavement (17)
 H - a wand of scattershot (3)
 U - a wand of clouds (2)
 X - a wand of digging (16)
Scrolls
 g - 4 scrolls of magic mapping
 k - 9 scrolls of teleportation
 p - 8 scrolls of fear
 r - 18 scrolls of remove curse
 v - 2 scrolls of summoning
 G - 5 scrolls of blinking
 I - 5 scrolls of silence
 O - 14 scrolls of identify
 Q - 5 scrolls of fog
 R - 4 scrolls of vulnerability
Potions
 e - 19 potions of curing
 j - 3 potions of might
 m - 10 potions of heal wounds
 n - 6 potions of agility
 z - 2 potions of ambrosia
 E - 7 potions of haste
 L - 4 potions of invisibility
 T - 2 potions of resistance
Miscellaneous
 f - a fan of gales
 o - 4 phantom mirrors
 D - a lamp of fire
 Z - a lightning rod (4/4)
Comestibles
 c - 65 rations
 s - 10 chunks of flesh


   Skills:
 + Level 18.0 Fighting
 - Level 12.0 Maces & Flails
 + Level 15.3 Throwing
 + Level 17.9 Armour
 + Level 14.3 Dodging
 + Level 8.7 Stealth
 + Level 13.2 Shields
 + Level 12.1 Evocations


You had 21 spell levels left.
You didn't know any spells.
Your spell library was empty.

Dungeon Overview and Level Annotations

Branches:
Dungeon (15/15)            Temple (0/1) D:4            Lair (6/6) D:9
 Shoals (4/4) Lair:4        Snake (4/4) Lair:4        Slime (0/5) Lair:5
    Orc (2/2) D:10            Elf (3/3) Orc:2        Vaults (3/5) D:14
  Crypt (0/3) Vaults:2     Depths (0/5) D:15          IceCv (visited)

Altars:
Fedhas
Gozag
Kikubaaqudgha
Makhleb
Okawaru
Qazlal
Sif Muna
Trog
Uskayaw
Vehumet
Xom
Yredelemnul
The Shining One
Beogh

Shops:
Orc:2 =[[*   Elf:3 }:%   Shoals:1 ![*   Shoals:3 *   Snake:1 ==}   Snake:2 [
Vaults:1 !   Vaults:3 =


Innate Abilities, Weirdness & Mutations

You are resistant to torment.
Your stone body is resilient. (AC +16)
You are immune to poison.
Your large and strong wings let you fly indefinitely.
You resist negative energy. (rN+)
You are resistant to electric shocks. (rElec)
You can survive without breathing.
You are immune to petrification.
You are immune to rotting.
You passively map a small area around you.


Message History

You kill the floating eye!
Trog accepts your kill.
You block the deep troll's attack. x2; The deep troll completely misses you.
The deep elf mage mumbles some strange words.
Unknown command.
You whack the yaktaur!
The yaktaur is moderately wounded.
You block the deep troll's attack. The deep troll completely misses you.
The deep troll claws you!
* * * LOW HITPOINT WARNING * * *
The yaktaur captain hits you but does no damage.
Unknown command.
Your surroundings seem slightly different.
The deep troll is no longer moving quickly.
The deep elf mage points at you and mumbles some strange words.
You block the shard of ice.
Unknown command.
The deep elf mage casts a spell at you. The bolt of cold hits you!!!
You die...

'#..#.......e(#######*
* , #..#.......(.# * ,
,#.c#Te.......# , ,, ,
, #.ccTp.....).#, . ,,
####C........#,.., , *
#..T....).#.#
#.T.......'.# ,
#.....eY..#..
#.....@...#....
#.........# ...
#........##
'########## #........#
, #....... #........#
, #....... #........#
*#....... #........' ,
#....... #........##,
#.###### , #.#.....


You could see an ironheart preserver, a stone giant, a yaktaur captain
(berserk), 3 deep trolls, a deep elf archer, a deep troll shaman, 2 yaktaurs, a
deep elf mage and an ice beast.

Vanquished Creatures
  Vashnia (Snake:4)
  Jorgrun (Elf:1)
  5 deep elf blademasters
  Asterion (Orc:2)
  3 deep elf master archers (Elf:3)
  2 sphinxes
  Frances (D:12)
  9 nagarajas
  A tengu reaver (Vaults:1)
  Louise (D:15)
  2 frost giants
  6 vault wardens
  4 deep elf sorcerers (Elf:3)
  The ghost of Aviak the Severer, a journeyman HOAs of Qazlal (Lair:6)
  A curse skull (Vaults:2)
  5 ironheart preservers
  2 deep elf elementalists (Elf:3)
  An entropy weaver (Vaults:1)
  2 stone giants (Vaults:1)
  A green draconian (Vaults:1)
  2 deep elf demonologists
  6 deep elf annihilators (Elf:3)
  An ettin (D:15)
  Snorg (D:13)
  An eidolon (Vaults:2)
  8 dire elephants
  3 merfolk javelineers (Shoals:4)
  6 merfolk impalers
  5 deep elf death magi
  2 fire dragons
  Josephine (D:13)
  A deep elf high priest (Elf:3)
  5 yaktaur captains
  9 vault guards
  Harold (D:7)
  20 naga warriors
  A rakshasa (Vaults:2)
  4 ice dragons
  7 hydras
  The ghost of Sammaje the Cleaver, a novice MiBe of Trog (Lair:1)
  A catoblepas (D:12)
  5 centaur warriors
  2 alligator snapping turtles (Shoals:3)
  27 dancing weapons
  3 satyrs (Shoals:4)
  42 two-headed ogres
  2 death yaks
  13 anacondas
  A tengu warrior (D:13)
  2 merfolk aquamancers (Shoals:1)
  A hell hog (Vaults:2)
  7 ogre magi
  An orc high priest (Orc:2)
  11 naga sharpshooters
  11 shock serpents
  The ghost of erloom the Cleaver, a novice MiFi of Okawaru (D:8)
  5 salamander mystics
  16 deep elf knights
  3 wizards
  A death drake (Snake:1)
  12 skeletal warriors
  3 deep trolls (Vaults:1)
  4 unseen horrors
  8 deep elf archers
  10 sea snakes
  A glowing orange brain (Vaults:1)
  A phantasmal warrior (Vaults:2)
  7 naga ritualists
  A necromancer (Vaults:1)
  6 ironbrand convokers
  5 wolf spiders
  14 mana vipers
  Pikel (D:7)
  19 harpies
  9 orc knights
  6 salamanders
  42 deep elf magi
  A shining eye (Vaults:3)
  28 fauns
  A frost giant zombie (Vaults:1)
  36 ugly things
  13 manticores
  6 orc sorcerers
  11 cyclopes
  2 human skeletons
  6 merfolk sirens
  3 moths of wrath
  15 naga magi
  Joseph (D:7)
  A torpor snail (Lair:6)
  4 guardian serpents (Snake:4)
  3 water nymphs
  36 elephants
  2 ice statues (IceCv)
  Psyche (D:10)
  Maurice (D:13)
  44 black mambas
  A gargoyle (D:7)
  5 vault sentinels
  16 spiny frogs
  A yaktaur zombie (Vaults:1)
  5 rime drakes
  An efreet (D:15)
  20 yaktaurs
  5 komodo dragons
  4 tengu conjurers
  3 meliai (D:14)
  33 merfolk
  7 trolls
  4 hornets
  4 wind drakes
  A hornet (shapeshifter) (Vaults:1)
  A dream sheep (shapeshifter) (Vaults:3)
  A tengu simulacrum (Vaults:3)
  A meliai zombie (D:14)
  8 snapping turtles
  12 blink frogs
  23 slime creatures
  15 dream sheep
  11 hippogriffs
  2 tarantellas
  2 redbacks (Vaults:1)
  10 water elementals
  13 spriggans
  An air elemental (Elf:1)
  A tarantella (shapeshifter) (Vaults:1)
  5 wraiths (D:13)
  51 yaks
  3 fire elementals
  A fire bat (shapeshifter) (Vaults:1)
  3 basilisks
  7 wyverns
  2 hungry ghosts
  3 human simulacra
  48 nagas
  5 wargs
  A swamp worm (Orc:2)
  An elf zombie (Vaults:1)
  A floating eye (shapeshifter) (Vaults:3)
  An acid dragon (Vaults:2)
  8 porcupines
  14 water moccasins
  39 orc warriors
  A black bear (shapeshifter) (Vaults:3)
  A slave (D:7)
  A black bear (D:8)
  5 sky beasts
  2 necrophages
  16 ice beasts
  2 phantoms (D:10)
  23 ogres
  4 boggarts
  9 wolves
  18 crocodiles
  10 centaurs
  5 big kobolds
  19 bullfrogs
  2 gnoll sergeants (D:8)
  2 earth elementals
  A water moccasin zombie (D:8)
  A wyvern skeleton (D:8)
  4 scorpions
  3 killer bees (D:8)
  9 wights
  4 electric eels (Lair:1)
  2 howler monkeys
  2 centaur zombies
  5 crimson imps
  7 hounds
  A jelly (D:6)
  36 orc wizards
  A gnoll shaman (D:4)
  32 orc priests
  2 bullfrog skeletons
  3 centaur skeletons
  2 iguanas
  6 worker ants
  A hound zombie (D:8)
  A hound skeleton (D:5)
  A howler monkey zombie (D:7)
  2 worker ant zombies (D:7)
  4 gnolls (D:4)
  A howler monkey skeleton (D:7)
  15 adders
  4 shadow imps
  An ooze (Orc:2)
  3 adder skeletons
  A worm (D:4)
  2 dart slugs
  4 leopard geckos
  89 orcs
  3 bats
  6 giant cockroaches
  A goblin (D:1)
  3 hobgoblins (D:1)
  9 jackals
  6 quokkas
  5 frilled lizards
  26 kobolds
  2 leopard gecko skeletons
  A quokka skeleton (D:8)
  5 rats
  4 plants
1499 creatures vanquished.

Vanquished Creatures (collateral kills)
  Mara (Shoals:4)
  An emperor scorpion (Shoals:4)
  A yaktaur captain (Vaults:1)
  An ogre mage (Vaults:2)
  An alligator snapping turtle (Shoals:3)
  A naga sharpshooter (Snake:1)
  A naga ritualist (Snake:4)
  2 deep elf archers
  A necromancer (Vaults:3)
  2 deep elf magi
  An ugly thing (IceCv)
  5 fauns (Shoals:4)
  A water nymph (Shoals:4)
  A black mamba (Snake:1)
  3 yaktaurs (Vaults:1)
  2 merfolk (Shoals:3)
  A snapping turtle (Shoals:4)
  2 water elementals (Shoals:4)
  A tarantella (Vaults:1)
  2 nagas (Snake:1)
  7 ice beasts
  An ogre (Vaults:2)
  A centaur (D:15)
  2 orc wizards
  A worker ant (D:13)
  6 orcs
  A plant (Shoals:4)
50 creatures vanquished.

Vanquished Creatures (others)
  2 eldritch tentacles
  A deep elf sorcerer (Elf:1)
  A vault warden (Vaults:2)
  A deep elf elementalist (Elf:2)
  A great orb of eyes (Vaults:1)
  A vault guard (Vaults:3)
  2 satyrs
  2 ogre magi
  A vampire mage (Vaults:2)
  A naga ritualist (Snake:4)
  A deep elf mage (Elf:3)
  An ironbrand convoker (Vaults:1)
  A mana viper (Snake:4)
  A vault sentinel (Vaults:1)
  A water nymph (Shoals:4)
  A boggart (Elf:1)
  2 orc wizards
  10 ball lightnings
  2 fire vortices
  71 fungi
  95 plants
  3 withered plants (D:9)
202 creatures vanquished.

Grand Total: 1751 creatures vanquished

Notes
Turn   | Place    | Note
-------+----------+-------------------------------------------
     0 | D:1      | mopl the Gargoyle Berserker began the quest for the Orb.
     0 | D:1      | Reached XP level 1. HP: 14/14 MP: 1/1
    77 | D:1      | Reached XP level 2. HP: 14/19 MP: 2/2
   812 | D:2      | Reached XP level 3. HP: 19/23 MP: 3/3
   915 | D:2      | Reached ** piety under Trog
  1346 | D:3      | Found a hide-covered altar of Uskayaw.
  1352 | D:3      | Reached XP level 4. HP: 28/28 MP: 4/4
  1567 | D:3      | Reached skill level 5 in Maces & Flails
  1596 | D:3      | Found a stormy altar of Qazlal.
  1633 | D:3      | Found a basalt altar of Yredelemnul.
  1844 | D:4      | Found an iron altar of Okawaru.
  1875 | D:4      | Reached XP level 5. HP: 20/32 MP: 5/5
  1946 | D:4      | Found the +5 demon whip "Spellbinder" {antimagic, MR+}
  1946 | D:4      | Found a staircase to the Ecumenical Temple.
  2234 | D:4      | Noticed an ogre
  2314 | D:4      | Killed an ogre
  2314 | D:4      | Reached XP level 6. HP: 24/37 MP: 2/6
  2634 | D:5      | Entered Level 5 of the Dungeon
  2855 | D:5      | Noticed a sky beast
  2867 | D:5      | Killed a sky beast
  2867 | D:5      | Reached XP level 7. HP: 40/41 MP: 2/7
  3438 | D:6      | Reached XP level 8. HP: 46/46 MP: 2/8
  3752 | D:7      | Reached *** piety under Trog
  3772 | D:7      | Noticed Harold
  3790 | D:7      | Killed Harold
  3790 | D:7      | Reached XP level 9. HP: 51/51 MP: 3/9
  3988 | D:7      | Noticed a gargoyle
  3995 | D:7      | Killed a gargoyle
  3995 | D:7      | Reached skill level 1 in Throwing
  4168 | D:7      | Reached skill level 4 in Fighting
  4168 | D:7      | Reached skill level 1 in Evocations
  4232 | D:7      | Noticed Pikel
  4261 | D:7      | Killed Pikel
  4331 | D:7      | Found a burning altar of Makhleb.
  4333 | D:7      | Noticed Joseph
  4349 | D:7      | Killed Joseph
  4349 | D:7      | Reached skill level 5 in Fighting
  4349 | D:7      | Reached XP level 10. HP: 50/59 MP: 3/11
  4551 | D:8      | Reached **** piety under Trog
  4814 | D:8      | Found a blossoming altar of Fedhas.
  4890 | D:8      | Reached skill level 5 in Armour
  4953 | D:8      | Reached skill level 1 in Shields
  5002 | D:8      | Noticed erloom's ghost (novice MiFi)
  5005 | D:8      | Found a transporter.
  5010 | D:8      | Found a bloodstained altar of Trog.
  5011 | D:8      | Noticed a moth of wrath
  5019 | D:8      | Found a transporter.
  5055 | D:8      | Found a burning altar of Makhleb.
  5245 | D:9      | Reached skill level 6 in Fighting
  5310 | D:9      | Reached ***** piety under Trog
  5380 | D:9      | Found an ancient bone altar of Kikubaaqudgha.
  5406 | D:9      | Reached XP level 11. HP: 50/66 MP: 4/13
  5500 | D:9      | Found a staircase to the Lair.
  5500 | D:9      | Noticed a death yak
  5557 | D:9      | Killed a death yak
  5568 | D:9      | Reached skill level 7 in Fighting
  5568 | D:9      | Reached skill level 5 in Throwing
  5596 | D:9      | Reached skill level 5 in Dodging
  5852 | D:10     | Entered Level 10 of the Dungeon
  6047 | D:10     | Found a staircase to the Orcish Mines.
  6170 | D:10     | Received a gift from Trog
  6227 | D:10     | Noticed Psyche
  6232 | D:10     | Killed Psyche
  6295 | D:10     | Found an opulent altar of Gozag.
  6388 | D:10     | Noticed an unseen horror
  6391 | D:10     | Killed an unseen horror
  6556 | D:11     | Noticed a manticore
  6566 | D:11     | Noticed a manticore
  6569 | D:11     | Killed a manticore
  6571 | D:11     | Reached skill level 8 in Fighting
  6571 | D:11     | Noticed a cyan ugly thing
  6591 | D:11     | Killed a manticore
  6591 | D:11     | Reached XP level 12. HP: 73/73 MP: 5/15
  6639 | D:11     | Received a gift from Trog
  7051 | D:11     | Noticed a two-headed ogre
  7073 | D:11     | Killed a two-headed ogre
  7487 | D:12     | Noticed a catoblepas
  7502 | D:12     | Received a gift from Trog
  7502 | D:12     | Reached skill level 9 in Fighting
  7525 | D:12     | Killed a catoblepas
  7807 | D:12     | Noticed Frances
  7826 | D:12     | Killed Frances
  8269 | Orc:1    | Entered Level 1 of the Orcish Mines
  8269 | Orc:1    | Noticed a two-headed ogre
  8285 | Orc:1    | Killed a two-headed ogre
  8285 | Orc:1    | Reached skill level 5 in Evocations
  8296 | Orc:1    | You fall into a shaft and drop 1 floor!
  8296 | Orc:2    | Entered Level 2 of the Orcish Mines
  8309 | Orc:2    | Reached ****** piety under Trog
  8309 | Orc:2    | Received a gift from Trog
  8591 | Orc:2    | Noticed an orc high priest
  8608 | Orc:2    | Killed an orc high priest
  8608 | Orc:2    | Reached XP level 13. HP: 51/81 MP: 5/16
  8950 | Orc:2    | Reached skill level 10 in Fighting
  9391 | Orc:1    | Received a gift from Trog
  9394 | Orc:1    | Found a roughly hewn altar of Beogh.
  9732 | Orc:2    | Found a staircase to the Elven Halls.
  9779 | Orc:1    | Reached skill level 10 in Armour
 10299 | Orc:2    | Received a gift from Trog
 10405 | Orc:2    | Found Qiroa's Assorted Antiques.
 10405 | Orc:2    | Found Eqaiw's Antique Armour Shoppe.
 10406 | Orc:2    | Found Porghu Naalokk's Jewellery Emporium.
 10409 | Orc:2    | Found Fesyff's Armour Emporium.
 10412 | Orc:2    | Bought 2 scrolls labeled JAOBUZOHOG for 58 gold pieces
 10412 | Orc:2    | Bought a fizzy silvery potion for 26 gold pieces
 10412 | Orc:2    | Bought a shiny ivory wand for 116 gold pieces
 10416 | Orc:2    | Bought a runed shield for 195 gold pieces
 10418 | Orc:2    | Bought the +2 hat of the Bear Spirit {Spirit, +Rage rN+
                  | MR++} for 625 gold pieces
 10418 | Orc:2    | Found the +2 hat of the Bear Spirit {Spirit, +Rage rN+
                  | MR++}
 10609 | Orc:2    | Bought an uncursed amulet of regeneration for 330 gold
                  | pieces
 10681 | Lair:1   | Entered Level 1 of the Lair of Beasts
 10741 | Lair:1   | Identified a scroll of acquirement
 10744 | Lair:1   | Got a pair of faintly glowing boots
 10755 | Lair:1   | Identified the +0 pair of boots "Ehabb" {rN+ rCorr Dex+4}
                  | (You acquired it on level 1 of the Lair of Beasts)
 10827 | Lair:1   | Received a gift from Trog
 11114 | Lair:1   | Identified the +9 trident of Ippujuge {flame, Str+6 Dex-5}
 11114 | Lair:1   | Identified the +9 trident of the Sun {drain, Fragile rF+
                  | Stlth+}
 11115 | Lair:1   | Noticed Sammaje's ghost (novice MiBe)
 11131 | Lair:1   | Found a bloodstained altar of Trog.
 11137 | Lair:1   | Found a transporter.
 11156 | Lair:1   | Found a transporter.
 12624 | Lair:3   | Reached skill level 11 in Fighting
 12911 | Lair:3   | Gained mutation: Your large and strong wings let you fly
                  | indefinitely. [Gargoyle growth]
 12911 | Lair:3   | Reached XP level 14. HP: 90/90 MP: 6/18
 13213 | Lair:4   | Received a gift from Trog
 13352 | Lair:4   | Reached skill level 5 in Shields
 13492 | Lair:4   | Found a staircase to the Shoals.
 13523 | Lair:4   | Found a frozen archway.
 13605 | IceCv    | Entered an ice cave
 13608 | IceCv    | Received a gift from Trog
 13628 | IceCv    | Found a transporter.
 13651 | IceCv    | Found a transporter.
 13844 | Lair:4   | Received a gift from Trog
 13921 | Lair:4   | Found a staircase to the Snake Pit.
 14001 | Lair:4   | Noticed a dire elephant
 14029 | Lair:4   | Killed a dire elephant
 14594 | Lair:5   | Reached skill level 12 in Fighting
 14666 | Lair:5   | Received a gift from Trog
 14769 | Lair:5   | Found a staircase to the Slime Pits.
 15094 | Lair:5   | Received a gift from Trog
 15281 | Lair:5   | Reached XP level 15. HP: 96/96 MP: 5/20
 15534 | Lair:6   | Entered Level 6 of the Lair of Beasts
 15609 | Lair:6   | Reached skill level 10 in Throwing
 15641 | Lair:6   | Found a bloodstained altar of Trog.
 15641 | Lair:6   | Noticed Aviak's ghost (journeyman HOAs)
 15641 | Lair:6   | Identified the +2 spear of Battle {elec, rPois Int+7}
 15659 | Lair:6   | Found a transporter.
 15663 | Lair:6   | Found a transporter.
 15775 | Lair:6   | Received a gift from Trog
 16479 | Lair:6   | Found a shimmering altar of Xom.
 16880 | Lair:6   | Killed Aviak's ghost
 17126 | D:8      | Killed erloom's ghost
 17150 | D:8      | Got a twisted war axe
 17151 | D:8      | Identified the +6 war axe "Zygh" {chop, Str+2} (You found
                  | it on level 8 of the Dungeon)
 17265 | Lair:1   | Reached skill level 10 in Dodging
 17273 | Lair:1   | Killed Sammaje's ghost
 17273 | Lair:1   | Received a gift from Trog
 17464 | D:13     | Reached skill level 13 in Fighting
 17530 | D:13     | Noticed Josephine
 17553 | D:13     | Killed Josephine
 17596 | D:13     | Received a gift from Trog
 17758 | D:13     | Noticed Maurice
 17768 | D:13     | Killed Maurice
 17850 | D:13     | Received a gift from Trog
 17853 | D:13     | Noticed Snorg
 17892 | D:13     | Killed Snorg
 17892 | D:13     | Reached XP level 16. HP: 87/104 MP: 7/21
 18628 | D:14     | Found a gate to the Vaults.
 18854 | D:15     | Entered Level 15 of the Dungeon
 18936 | D:15     | Noticed Louise
 19011 | D:15     | Killed Louise
 19023 | D:15     | Noticed Rupert
 19082 | D:15     | Noticed Rupert
 19082 | D:15     | Rupert changed into Rupert the dire elephant
 19099 | D:15     | Killed Rupert the dire elephant
 19228 | D:15     | Found a staircase to the Depths.
 19239 | D:15     | Received a gift from Trog
 19833 | Elf:1    | Entered Level 1 of the Elven Halls
 19833 | Elf:1    | Noticed Asterion
 19856 | Orc:2    | Killed Asterion
 20001 | Elf:1    | Noticed Jorgrun
 20023 | Elf:1    | Killed Jorgrun
 20055 | Elf:1    | Found a shimmering blue altar of Sif Muna.
 20248 | Elf:1    | You are sucked into a shaft and drop 1 floor!
 20248 | Elf:2    | Noticed a deep elf blademaster
 20281 | Elf:2    | Received a gift from Trog
 20395 | Elf:2    | Killed a deep elf blademaster
 20543 | Elf:2    | Reached skill level 14 in Fighting
 20614 | Elf:2    | Received a gift from Trog
 20670 | Elf:2    | Reached XP level 17. HP: 76/111 MP: 5/23
 20739 | Elf:2    | Found a runed translucent gate.
 20739 | Elf:2    | Found a runed translucent gate.
 20740 | Elf:2    | Found a runed translucent gate.
 21217 | Elf:1    | You are sucked into a shaft and drop 1 floor!
 21352 | Elf:1    | Received a gift from Trog
 21435 | Elf:1    | Got a shimmering ring mail
 21446 | Elf:1    | Identified the cursed +1 ring mail "Dukyeduton" {rPois MR+
                  | Str+7 Dex-4} (You found it on level 1 of the Elven Halls)
 21656 | Elf:1    | Gained mutation: You passively map a small area around you.
                  | [a cacodemon]
 22124 | Elf:2    | Got a dazzling scale mail
 22135 | Elf:2    | Identified the +3 scale mail of Boiling Hail {rN+ Regen+
                  | Int+4 Dex-4} (You found it on level 2 of the Elven Halls)
 22151 | Elf:3    | Entered Level 3 of the Elven Halls
 22247 | Elf:3    | Found Goul Vengue's Gadget Boutique.
 22249 | Elf:3    | Found Xainagh's Book Shop.
 22251 | Elf:3    | Found Zira's Food Boutique.
 22660 | Elf:3    | Noticed a deep elf blademaster
 22660 | Elf:3    | Noticed a deep elf blademaster
 22691 | Elf:3    | Killed a deep elf blademaster
 22719 | Elf:3    | Killed a deep elf blademaster
 22730 | Elf:3    | Noticed a deep elf master archer
 22731 | Elf:3    | Noticed a deep elf blademaster
 22767 | Elf:2    | Killed a deep elf blademaster
 22816 | Elf:3    | Killed a deep elf master archer
 22909 | Elf:3    | Found a radiant altar of Vehumet.
 23006 | Elf:3    | Noticed a deep elf master archer
 23026 | Elf:3    | Killed a deep elf master archer
 23368 | Elf:2    | Reached XP level 18. HP: 68/118 MP: 3/24
 23448 | Elf:3    | Reached skill level 15 in Fighting
 23632 | Elf:3    | Received a gift from Trog
 23861 | Elf:3    | Noticed a deep elf master archer
 23861 | Elf:3    | Noticed a deep elf blademaster
 23887 | Elf:3    | Killed a deep elf blademaster
 23891 | Elf:3    | Killed a deep elf master archer
 23891 | Elf:3    | Reached skill level 15 in Armour
 23960 | Elf:3    | Identified the ring "Vituklyt" {Fire Str+6} (You found it
                  | on level 3 of the Elven Halls)
 24060 | Elf:3    | Found the cursed +13 scythe of Curses {drain, *Curse}
 24094 | Elf:3    | Identified the Disquisition on Orientation and the
                  | Entourage
 24145 | Elf:3    | Got a dazzling chain mail
 24151 | Elf:3    | Identified the +8 chain mail of Nalol {Dex+5} (You found it
                  | on level 3 of the Elven Halls)
 24156 | Elf:3    | Got a polished demon whip
 24157 | Elf:3    | Identified the +9 demon whip "Kiskoup" {antimagic, *Drain
                  | rElec rF+ Str+4 Dex+3} (You found it on level 3 of the
                  | Elven Halls)
 24427 | Shoals:1 | Entered Level 1 of the Shoals
 24429 | Shoals:1 | Found Bomuawi's General Store.
 24441 | Shoals:1 | Bought a scroll of teleportation for 57 gold pieces
 24441 | Shoals:1 | Bought 8 curare-tipped darts for 91 gold pieces
 24441 | Shoals:1 | Bought a scroll of identify for 38 gold pieces
 24441 | Shoals:1 | Bought a scroll of identify for 38 gold pieces
 24560 | Shoals:1 | Received a gift from Trog
 24788 | Shoals:1 | Found Vach's Distillery.
 24796 | Shoals:1 | Bought a potion of agility for 64 gold pieces
 24796 | Shoals:1 | Bought a potion of agility for 64 gold pieces
 24796 | Shoals:1 | Bought a potion of curing for 48 gold pieces
 24796 | Shoals:1 | Bought a potion of curing for 48 gold pieces
 24796 | Shoals:1 | Bought a potion of agility for 64 gold pieces
 24796 | Shoals:1 | Bought a potion of haste for 160 gold pieces
 24796 | Shoals:1 | Bought a potion of ambrosia for 128 gold pieces
 25138 | Shoals:1 | Found Rulumpun's Antique Armour Emporium.
 25884 | Shoals:2 | Received a gift from Trog
 26272 | Shoals:3 | Received a gift from Trog
 26327 | Shoals:3 | Reached skill level 10 in Shields
 26672 | Shoals:3 | Received a gift from Trog
 26686 | Shoals:3 | Reached XP level 19. HP: 125/125 MP: 8/26
 26704 | Shoals:3 | Found Reits's General Store.
 26722 | Shoals:3 | Bought a cursed amulet of inaccuracy for 34 gold pieces
 26797 | Shoals:4 | Entered Level 4 of the Shoals
 27424 | Shoals:4 | Reached skill level 16 in Fighting
 27775 | Shoals:4 | Got a barnacled rune of Zot
 28168 | Shoals:4 | Received a gift from Trog
 28214 | Shoals:4 | Noticed Mara
 28235 | Shoals:4 | Killed Mara
 28806 | Snake:1  | Entered Level 1 of the Snake Pit
 28870 | Snake:1  | Reached skill level 10 in Evocations
 29202 | Snake:1  | Received a gift from Trog
 29609 | Snake:1  | Found Wyafazxo's Gadget Shop.
 29609 | Snake:1  | Found Xaireuki's Jewellery Shoppe.
 29610 | Snake:1  | Found Giomop's Jewellery Shoppe.
 30230 | Snake:2  | Found Zaqo's Antique Armour Boutique.
 30809 | Snake:3  | Reached XP level 20. HP: 132/132 MP: 9/27
 31576 | Snake:4  | Entered Level 4 of the Snake Pit
 31655 | Snake:4  | Received a gift from Trog
 31750 | Snake:4  | Reached skill level 1 in Stealth
 31814 | Snake:4  | Received a gift from Trog
 32164 | Snake:4  | Noticed Vashnia
 32283 | Snake:4  | Killed Vashnia
 32530 | Snake:4  | Reached skill level 17 in Fighting
 32666 | Snake:4  | Received a gift from Trog
 32746 | Snake:4  | Received a gift from Trog
 33085 | Snake:4  | Got a serpentine rune of Zot
 33645 | Vaults:1 | Entered Level 1 of the Vaults
 33842 | Vaults:1 | Reached XP level 21. HP: 139/139 MP: 9/29
 34006 | Vaults:1 | Reached skill level 5 in Stealth
 34253 | Vaults:1 | Received a gift from Trog
 34580 | Vaults:1 | Found a glowing golden altar of the Shining One.
 34587 | Vaults:1 | Received a gift from Trog
 35597 | Vaults:1 | Found Baucw's Distillery.
 35605 | Vaults:1 | Bought a potion of heal wounds for 90 gold pieces
 35605 | Vaults:1 | Bought a potion of heal wounds for 90 gold pieces
 35605 | Vaults:1 | Bought a potion of heal wounds for 90 gold pieces
 35605 | Vaults:1 | Bought a potion of heal wounds for 90 gold pieces
 35605 | Vaults:1 | Bought a potion of haste for 180 gold pieces
 35605 | Vaults:1 | Bought a potion of curing for 54 gold pieces
 35605 | Vaults:1 | Bought a potion of might for 72 gold pieces
 35605 | Vaults:1 | Bought a potion of curing for 54 gold pieces
 35745 | Vaults:1 | Received a gift from Trog
 36115 | Vaults:2 | Found a staircase to the Crypt.
 36219 | Vaults:2 | Reached skill level 15 in Throwing
 36264 | Vaults:2 | Received a gift from Trog
 36657 | Vaults:2 | Reached XP level 22. HP: 137/146 MP: 1/30
 36763 | Vaults:2 | Received a gift from Trog
 37433 | Vaults:3 | Received a gift from Trog
 37563 | Vaults:3 | Found Muheg's Jewellery Shop.
 38062 | Vaults:3 | Reached skill level 18 in Fighting
 38255 | Vaults:3 | Received a gift from Trog
 38506 | Vaults:3 | Killed from afar by a deep elf mage

Levels and vault maps discovered:
D:1:      wheals_arrival_shading, layout_loops_ring, minmay_hexomino_p4
D:2:      layout_loops_ring
D:3:      layout_rooms, grunt_qazlal_sundering, lemuel_coloured_pillars_altar,
          eat_drink_and_be_merry_uskayaw
D:4:      layout_loops_corners, minmay_temple_entry_mini_moons,
          kennysheep_okawaru_gauntlet
D:5:      wander_river, layout_rooms, first_ration
D:6:      layout_basic, chequers_decorated_corner, kennysheep_nub
D:7:      layout_loops_cross, bloody_makhleb, st_stairs_2, nrook_loot_triangle,
          uniq_joseph, uniq_pikel, uniq_harold
D:8:      layout_cave_pools, fedhas_bush_and_centaur_altar, basic_altar,
          gammafunk_ghost_wrathful_warriors, the_bakery
D:9:      layout_rooms, kiku_gazebo_garden_becter, david_lair_generic
D:10:     layout_roguey, david_orc_2, basic_altar, uniq_psyche
D:11:     layout_small_grid
D:12:     layout_roguey, uniq_frances
D:13:     layout_big_octagon, uniq_snorg, uniq_maurice, uniq_josephine
D:14:     layout_loops_ring, erik_vaults_1, minivault_19
D:15:     hangedman_depths_entry_civil_slaughter, layout_basic, uniq_rupert,
          uniq_louise
Lair:1:   layout_chaotic_city, gammafunk_ghost_wrathful_warriors,
          serial_bayou_pond_e, beast_lair_carwin_6
Lair:2:   layout_concentric_octagons
Lair:3:   layout_regular_city, small_statue_intersection, minmay_hedge_maze
Lair:4:   mu_elephants_graveyard, layout_layer_cave,
          minmay_shoals_entry_centaurs, minmay_snake_entry_guardpost_medium,
          portal_ice_cave_entry_ice_beasts
Lair:5:   layout_cave_pods, minmay_slime_entry_pillars,
          infiniplex_staircase_pool_2
Lair:6:   due_jungle_book, layout_concentric_octagons, basic_altar,
          gammafunk_ghost_wrathful_warriors, minmay_lair_drake_nest
Shoals:1: layout_shoals, serial_shops, shop, nicolae_shop_stone, shop
Shoals:2: layout_shoals
Shoals:3: layout_shoals, serial_shops, shop_statue
Shoals:4: shoals_end_grunt_garden, layout_shoals, uniq_mara
Snake:1:  layout_onion, minmay_shop_grove
Snake:2:  layout_layer_cave, serial_shops, nicolae_shop_overgrown_old_shop,
          lemuel_fruit_tree
Snake:3:  cheibrodos_snake_ritualist_ritual, layout_cave_pods, drop_trap,
          nicolae_large_snake_swirl
Snake:4:  johnstein_snake_rune_scales, layout_rooms, nicolae_snake_single_loop
Orc:1:    layout_caves, basic_altar
Orc:2:    st_orc_mages, layout_caves
Elf:1:    minmay_elf_arrival_circle, layout_loops_corners, basic_altar,
          hangedman_elf_disciples, uniq_asterion, uniq_jorgrun
Elf:2:    layout_rooms
Elf:3:    minmay_elf_hall, layout_loops_corners, basic_altar, minmay_shop_star
Vaults:1: hangedman_vaults_locks, nicolae_vaults_little_squares_6,
          vaults_room_grunt_arrival_ludios, nicolae_vaults_three_branches,
          vaults_dpeg_spiral, v_pattern_1, st_octagons_2, nicolae_vaults_big_ls,
          v_misc_2, nicolae_vaults_diagonal_hallway_8,
          hangedman_vaults_stretched_pinwheel, vaults_dpeg_ring,
          nicolae_vaults_ring_of_whatevers, vaults_room_hallway,
          ontoclasm_vaults_shuriken, nicolae_vaults_little_squares_3,
          vaults_room_pool, layout_vaults_maze_bifur, serial_shops,
          nicolae_shop_competitors_out_of_business, basic_altar
Vaults:2: nicolae_vaults_what_the_h, minmay_crypt_entry_simple_walls,
          nicolae_vaults_little_ls, v_misc_19, nicolae_vaults_specimen_jars,
          nicolae_vaults_network_s, v_misc_22, v_misc_3, v_misc_25, v_misc_9,
          layout_vaults_omnicross
Vaults:3: hangedman_vaults_corner, v_misc_1, nicolae_vaults_alarming, v_misc_10,
          v_pattern_4, vaults_standard_mumra_x, ontoclasm_vaults_gateway,
          ontoclasm_vaults_ligature, grunt_vaults_hallway_short,
          nicolae_vaults_shelves_hall, ontoclasm_vaults_fault,
          layout_vaults_big_room, serial_shops, shop_fountains

Skill      XL: |  1  2  3  4  5  6  7  8  9 10 11 12 13 14 15 16 17 18 19 20 21 22 |
---------------+-------------------------------------------------------------------+-----
Maces & Flails | 4 5 6 7 9 11 12 | 12.0
Throwing       | 2 4 6 7 8 9 10 11 12 13 14 15 | 15.3
Dodging        | 3 4 5 7 8 9 10 11 12 13 14 | 14.3
Armour         | 4 6 7 9 10 11 12 13 14 15 16 17 | 17.9
Fighting       | 5 6 8 9 11 12 13 14 15 16 17 18 | 18.0
Evocations     | 1 3 4 5 6 7 8 9 10 11 12 | 12.1
Shields        | 2 4 6 7 8 9 10 11 12 13 | 13.2
Stealth        | 4 7 8 |  8.7

Action                   |  1- 3 |  4- 6 |  7- 9 | 10-12 | 13-15 | 16-18 | 19-21 | 22-24 || total
-------------------------+-------+-------+-------+-------+-------+-------+-------+-------++-------
Melee: Mace              |    31 |       |       |       |       |       |       |       ||    31
       Whip              |    79 |    45 |       |       |       |       |       |       ||   124
       Demon whip        |       |    72 |   178 |   811 |  1807 |  1901 |  3310 |   796 ||  8875
Throw: Dart              |       |       |       |       |     7 |     1 |       |       ||     8
       Boomerang         |       |       |       |       |    10 |    53 |     4 |       ||    67
       Throwing net      |       |       |       |       |       |     3 |       |       ||     3
Invok: Berserk           |       |     1 |     2 |     6 |    17 |     7 |     3 |       ||    36
       Trog's Hand       |       |       |     1 |     1 |     2 |     1 |     1 |       ||     6
       Brothers in Arms  |       |       |       |       |     3 |     3 |       |       ||     6
 Abil: Fly               |       |       |       |       |     1 |     1 |       |       ||     2
       Stop Flying       |       |       |       |       |       |     1 |       |       ||     1
Evoke: Wand              |       |       |       |     5 |     6 |     1 |     4 |       ||    16
       Lamp of fire      |       |       |       |       |     1 |     1 |       |       ||     2
       Lightning rod     |       |       |       |       |       |       |     4 |       ||     4
  Use: Scroll            |     5 |     2 |     3 |     2 |    18 |    10 |     3 |     1 ||    44
       Potion            |       |       |       |       |       |     1 |       |       ||     1
 Stab: Paralysed         |       |       |       |     1 |     3 |     8 |    11 |     1 ||    24
       Confused          |       |       |       |       |       |     2 |     9 |     3 ||    14
       Distracted        |       |       |       |       |       |     1 |       |       ||     1
       Petrifying        |       |       |       |       |       |       |     3 |       ||     3
       Petrified         |       |       |       |       |       |       |     1 |       ||     1
       Betrayed ally     |       |       |       |       |       |       |     1 |       ||     1
       Sleeping          |       |       |       |       |       |       |       |     1 ||     1
  Eat: Chunk             |     1 |     6 |     7 |    21 |    48 |    32 |    29 |     7 ||   151
       Ration            |       |       |       |       |       |     2 |     3 |       ||     5
Armor: Animal skin       |    21 |       |       |       |       |       |       |       ||    21
       Ring mail         |    24 |     5 |       |       |       |       |       |       ||    29
       Chain mail        |       |    51 |    62 |       |       |   324 |   948 |   261 ||  1646
       Plate armour      |       |       |    17 |   326 |   297 |       |       |       ||   640
       Scale mail        |       |       |       |       |   414 |   371 |       |       ||   785
Dodge: Dodged            |    99 |    37 |    35 |   194 |   664 |   712 |  1149 |   408 ||  3298
Block: Buckler           |       |       |       |    94 |    32 |       |       |       ||   126
       Shield            |       |       |       |       |   747 |   908 |  1692 |   541 ||  3888
